 Dungeon Crawl Stone Soup version 0.18-a0-1273-g8ec5f8e (webtiles) character file.

34 M4edhros the Charlatan (level 3, -2/23 HPs)
             Began as an Octopode Artificer on Feb 8, 2016.
             Slain by an iguana (7 damage)
             ... on level 3 of the Dungeon.
             The game lasted 00:02:50 (1818 turns).

M4edhros the Charlatan (Octopode Artificer)         Turns: 1818, Time: 00:02:50

Health: -2/23      AC:  1    Str: 10    XL:     3   Next: 31%
Magic:  15/15      EV: 12    Int: 15    God:
Gold:   0          SH:  0    Dex: 12    Spells: 0 memorised, 2 levels left

rFire  . . .     SeeInvis .     a - +0 short sword
rCold  . . .     Gourm    .     (no shield)
rNeg   . . .     Faith    .     (helmet restricted)
rPois  .         Spirit   .     (no amulet)
rElec  .         Dismiss  .     k - ring of magical power
rCorr  .         Reflect  .     (no ring)
SustAt .         Harm     .     (no ring)
MR     .....                    (no ring)
Stlth  +++.......               (no ring)
                                (no ring)
                                (no ring)
                                (no ring)

@: not resistant to hostile enchantments, fairly stealthy
A: almost no armour, amphibious, 8 rings, constrict 8, camouflage 1, gelatinous
body 1
a: no special abilities


You were on level 3 of the Dungeon.
You were near starving.

You visited 1 branch of the dungeon, and saw 3 of its levels.

Inventory:

Hand Weapons
 a - a +0 short sword (weapon)
 h - a +0 hunting sling
Missiles
 i - 126 stones (quivered)
Jewellery
 k - a ring of magical power (left tentacle)
Wands
 b - a wand of flame (14/48)
 c - a wand of enslavement (15/24)
 d - a wand of random effects (15/48)
Scrolls
 j - a scroll of fear {unknown}
 l - a scroll of teleportation {unknown}
 m - a scroll of identify {unknown}
 o - a scroll of enchant weapon {unknown}
Potions
 e - a potion of flight {unknown}
 g - a potion of curing {unknown}
Comestibles
 f - a bread ration
 n - a meat ration


   Skills:
 + Level 1.2 Fighting
 + Level 1.0 Short Blades
 + Level 2.4 Dodging
 + Level 1.9 Stealth
 + Level 4.2 Evocations


You had 2 spell levels left.
You didn't know any spells.

Dungeon Overview and Level Annotations

Branches:
Dungeon (3/15)

Altars:
Trog


Innate Abilities, Weirdness & Mutations

You cannot wear most types of armour.
You are amphibious.
You can wear up to eight rings at the same time.
You can use your tentacles to constrict eight enemies at once.
Your skin changes colour to match your surroundings (Stealth).
Your rubbery body absorbs attacks (AC +1).


Message History

You are near starving!
You start resting.
HP restored.
You climb downwards.
The iguana barely misses you.
There is a stone staircase leading up here.
You hit the iguana. Your grab misses the iguana.
The iguana is lightly wounded.
The iguana bites you! The iguana bites you!
* * * LOW HITPOINT WARNING * * *
You hit the goblin. Your grab misses the goblin.
Your squeeze misses the goblin.
The goblin is severely wounded.
The goblin unwields an uncursed hunting sling.
The goblin wields an uncursed club.
The goblin closely misses you. The iguana closely misses you.
You hit the goblin.
You kill the goblin!
The iguana bites you!
You die...

#####.........######.##.....#
#.....#........##.##.....#
#..#####...#....#.##.....##
#... ###.##.............#
..... #..##............. ..##.
##.##............. ## ..
#.##...).........
#######................ #
##....l@.##.............
.#.####..#####).#.............
........## ##.##............
........## #.###..........#
.######..######.# ############
##.<......# ########.# ###


You could see an iguana.

Vanquished Creatures
  An adder (D:3)
  3 giant geckos
  7 goblins
  5 hobgoblins
  3 kobolds
  2 rats (D:2)
21 creatures vanquished.

Notes
Turn   | Place    | Note
--------------------------------------------------------------
     0 | D:1      | M4edhros the Octopode Artificer began the quest for the Orb.
     0 | D:1      | Reached XP level 1. HP: 13/13 MP: 3/3
   516 | D:1      | Reached XP level 2. HP: 5/18 MP: 4/4
   831 | D:3      | Reached skill level 4 in Evocations
   980 | D:3      | Found a bloodstained altar of Trog.
  1003 | D:3      | Reached XP level 3. HP: 6/23 MP: 6/6
  1818 | D:3      | Slain by an iguana

Vault maps used:
D:1:      minmay_arrival_four_loops
D:2:      kennysheep_big_flooded_room, grunt_temple_overflow_open, uniq_terence
D:3:      overflow_temple_1_default, trog_hazing_becter, uniq_natasha

Action                   || total
-------------------------++-------
Melee: Short sword       ||    51
Evoke: Wand              ||     1
 Stab: Sleeping          ||     4
  Eat: Chunk             ||     1
